 Dungeon Crawl Stone Soup version 0.20.0-15-g7f486f2 (webtiles) character file.

1190 Omegatherion the Sneak (level 8, 0/41 HPs)
             Began as a Gargoyle Venom Mage on June 23, 2017.
             Shot with an arrow by a centaur (8 damage)
             ... on level 6 of the Dungeon.
             The game lasted 00:25:52 (4936 turns).

Omegatherion the Sneak (Gargoyle Venom Mage)        Turns: 4936, Time: 00:25:52

Health: 0/41       AC: 11    Str: 12    XL:     8   Next: 43%
Magic:  10/14      EV: 14    Int: 20    God:
Gold:   327        SH:  0    Dex: 25    Spells: 13/16 levels left

rFire    . . .     SeeInvis .   y - +4 quarterstaff (chaos)
rCold    . . .     Gourm    .   (shield currently unavailable)
rNeg     + . .     Faith    .   I - +1 leather armour of Ulum {-Tele *Drain Int+2 Dex+9} (curse)
rPois    ∞         Spirit   .   k - +0 helmet
rElec    +         Reflect  .   B - +0 cloak {MR+}
rCorr    .         Harm     .   (no gloves)
MR       +....     NoTele   +   (no boots)
Stlth    +++.......             D - amulet of magic regeneration
Regen    0.2/turn               p - +1 ring of slaying
MPRegen  0.3/turn               w - +6 ring of dexterity

@: no status effects
A: negative energy resistance 1, electricity resistance, unbreathing,
petrification resistance, rot immunity, AC +5
a: no special abilities


You were on level 6 of the Dungeon.
You were hungry.

You visited 1 branch of the dungeon, and saw 6 of its levels.

You collected 327 gold pieces.

Inventory:

Hand Weapons
 g - a +0 short sword
 y - a +4 quarterstaff of chaos (weapon)
 N - a +4 short sword
 O - a +0 quarterstaff
Missiles
 P - 8 tomahawks (quivered)
Armour
 a - a +0 robe
 i - a +0 leather armour
 k - a +0 helmet (worn)
 B - a +0 cloak of magic resistance (worn)
 I - the cursed +1 leather armour of Ulum (worn) {-Tele *Drain Int+2 Dex+9}
   (You found it on level 4 of the Dungeon)

   It affects your intelligence (+2).
   It affects your dexterity (+9).
   It prevents most forms of teleportation.
   It causes draining when unequipped.
   It has a curse placed upon it.
Jewellery
 e - a +2 amulet of reflection
 p - a +1 ring of slaying (left hand)
 w - a +6 ring of dexterity (right hand)
 D - an amulet of magic regeneration (around neck)
 G - an uncursed ring of resist corrosion
 J - an uncursed ring of protection from fire {unknown}
Wands
 t - a wand of random effects (17/48)
 x - a wand of polymorph (5/24)
Scrolls
 d - 3 scrolls of enchant weapon {unknown}
 f - 4 scrolls of teleportation {unknown}
 j - 6 scrolls of remove curse {unknown}
 l - a scroll of recharging {unknown}
 m - 4 scrolls of identify {unknown}
 r - 5 scrolls of magic mapping {unknown}
 s - 5 scrolls of blinking {unknown}
 v - a scroll of immolation {unknown}
 E - a scroll of noise {unknown}
 F - a scroll of amnesia {unknown}
 K - a scroll of holy word {unknown}
 Q - a scroll of random uselessness {unknown}
Potions
 h - a potion of cancellation {unknown}
 n - 2 potions of curing {unknown}
 o - 2 potions of heal wounds {unknown}
 q - a potion of flight {unknown}
 z - a potion of mutation {unknown}
 A - a potion of invisibility {unknown}
 L - a potion of resistance {unknown}
 M - 3 potions of lignification {unknown}
Books
 b - a Young Poisoner's Handbook

   Spells                             Type                      Level
   a - Sting                          Conjuration/Poison           1
   b - Poisonous Vapours              Poison/Air                   2
   c - Mephitic Cloud                 Conjuration/Poison/Air       3
   d - Olgreb's Toxic Radiance        Poison                       4
   e - Venom Bolt                     Conjuration/Poison           5
 C - a book of Minor Magic

   Spells                             Type                      Level
   a - Magic Dart                     Conjuration                  1
   b - Blink                          Translocation                2
   c - Call Imp                       Summoning                    2
   d - Slow                           Hexes                        2
   e - Conjure Flame                  Conjuration/Fire             3
   f - Mephitic Cloud                 Conjuration/Poison/Air       3
Comestibles
 c - 3 bread rations
 u - 3 meat rations
 H - 8 fruits


   Skills:
 + Level 3.6 Dodging
 + Level 5.5 Stealth
 + Level 4.5 Spellcasting
 + Level 4.8 Conjurations
 + Level 5.3 Poison Magic


You had 13 spell levels left.
You knew the following spells:

 Your Spells              Type           Power        Failure   Level  Hunger
a - Sting                 Conj/Pois      ###.         1%          1    None
b - Blink                 Tloc           N/A          24%         2    #......


Dungeon Overview and Level Annotations

Branches:
Dungeon (6/15)
 Temple: D:4-7

Altars:
Cheibriados
Gozag
Hepliaklqana
Vehumet
Yredelemnul

Shops:
D:4 }


Innate Abilities, Weirdness & Mutations

You are resistant to torment.
Your stone body is resilient. (AC +5)
You are immune to poison.
You resist negative energy. (rN+)
You are resistant to electric shocks. (rElec)
You can survive without breathing.
You are immune to petrification.
You are immune to rotting.


Message History

Casting: Sting
Confirm with . or Enter, or press ? or * to list all spells.
Aiming: Sting
Press: ? - help, Shift-Dir - straight line, f - centaur
Aim: a centaur, wielding a shortbow of velocity The sting hits the centaur.
The centaur appears unharmed.
The centaur shoots an arrow.
The arrow hits you!
* * * LOW HITPOINT WARNING * * *
x2
Casting: Sting
Confirm with . or Enter, or press ? or * to list all spells.
Aiming: Sting
Press: ? - help, Shift-Dir - straight line, f/p - centaur
Aim: a centaur, wielding a shortbow of velocity The sting hits the centaur.
The centaur is poisoned.
The centaur is lightly wounded.
You are feeling hungry.
The centaur shoots an arrow.
The arrow completely misses you.
Unknown command.
The centaur shoots an arrow.
The arrow hits you!
You die...

##########
#....†...###
#.####.....#####.
#.# #..>........
#.# #..(@.#### #.#
#...(.# #.#
#.<...# #.#
#.....#
####.####......
#......######...
#......# ##c#
#......# ..
#......########.#.


You could see a centaur.

Vanquished Creatures
  Sigmund (D:5)
  A phantom (D:5)
  An ogre (D:4)
  Blork the orc (D:5)
  A scorpion (D:6)
  A howler monkey (D:4)
  A crimson imp (D:6)
  A jelly (D:5)
  A bullfrog skeleton (D:4)
  3 hounds (D:5)
  Crazy Yiuf (D:3)
  Terence (D:3)
  Jessica (D:3)
  An iguana (D:5)
  2 worker ants
  A hound zombie (D:5)
  A hound skeleton (D:6)
  A howler monkey zombie (D:6)
  7 gnolls
  7 adders
  A shadow imp (D:6)
  An ooze (D:4)
  4 worms
  4 dart slugs
  6 leopard geckos
  11 orcs
  4 giant cockroaches
  10 goblins
  7 hobgoblins
  3 jackals (D:4)
  2 quokkas
  A ball python (D:1)
  6 bats
  6 frilled lizards
  A jackal skeleton (D:4)
  6 kobolds
  6 rats
114 creatures vanquished.

Vanquished Creatures (others)
  A centaur (D:4)
1 creature vanquished.

Grand Total: 115 creatures vanquished

Notes
Turn   | Place    | Note
-------+----------+-------------------------------------------
     0 | D:1      | Omegatherion the Gargoyle Venom Mage began the quest for the Orb.
     0 | D:1      | Reached XP level 1. HP: 10/10 MP: 3/3
   124 | D:1      | Reached XP level 2. HP: 8/15 MP: 1/5
   884 | D:2      | Reached XP level 3. HP: 18/19 MP: 3/6
  1022 | D:2      | Found a hazy altar of Hepliaklqana.
  1134 | D:2      | Found a snail-covered altar of Cheibriados.
  1581 | D:2      | Found a basalt altar of Yredelemnul.
  1594 | D:2      | Reached XP level 4. HP: 24/24 MP: 2/7
  2011 | D:3      | Reached XP level 5. HP: 22/28 MP: 1/9
  2257 | D:3      | Noticed Terence
  2297 | D:3      | Killed Terence
  2508 | D:3      | Found a runed door.
  2527 | D:3      | Noticed Jessica
  2532 | D:3      | Killed Jessica
  2567 | D:3      | Noticed Crazy Yiuf
  2621 | D:3      | Killed Crazy Yiuf
  2667 | D:3      | Reached XP level 6. HP: 30/32 MP: 7/10
  2752 | D:4      | Learned a level 2 spell: Blink
  3110 | D:4      | Reached XP level 7. HP: 34/36 MP: 3/12
  3448 | D:4      | Got a fine leather armour
  3459 | D:4      | Identified the cursed +1 leather armour of Ulum {-Tele *Drain Int+2 Dex+9} (You found it on level 4 of the Dungeon)
  3470 | D:4      | Found Tileil's Gadget Boutique.
  3652 | D:5      | Entered Level 5 of the Dungeon
  3996 | D:5      | Found an opulent altar of Gozag.
  4220 | D:5      | Noticed Blork the orc
  4224 | D:5      | Noticed Sigmund
  4237 | D:5      | Killed Sigmund
  4237 | D:5      | Reached skill level 5 in Stealth
  4240 | D:5      | Killed Blork the orc
  4240 | D:5      | Reached XP level 8. HP: 41/41 MP: 6/14
  4346 | D:5      | Reached skill level 5 in Poison Magic
  4549 | D:6      | Found a radiant altar of Vehumet.
  4936 | D:6      | Shot with an arrow by a centaur

Skill      XL: |  1  2  3  4  5  6  7  8 |
---------------+-------------------------+-----
Dodging        | 2 3 |  3.6
Stealth        | 3 4 5 |  5.5
Conjurations   | 2 3 4 |  4.8
Spellcasting   | 3 4 |  4.5
Poison Magic   | 4 5 |  5.3

Action                   |  1- 3 |  4- 6 |  7- 9 || total
-------------------------+-------+-------+-------++-------
Melee: Unarmed           |     9 |       |       ||     9
       Short sword       |    36 |    36 |       ||    72
       Quarterstaff      |       |    11 |    67 ||    78
 Cast: Sting             |    58 |   103 |    97 ||   258
 Stab: Sleeping          |       |       |     1 ||     1
  Eat: Chunk             |     1 |     7 |     5 ||    13
Armor: Robe              |     4 |       |       ||     4
       Leather armour    |    17 |    29 |    67 ||   113
Dodge: Dodged            |    31 |    45 |    97 ||   173
Block: Other             |     9 |     6 |       ||    15
       Reflection        |     2 |     1 |       ||     3
